 Dungeon Crawl Stone Soup version 0.30-a0-364-gf6b3ef1049 (webtiles) character file.

Game seed: 15327887773020539861

34 MachoJfn the Caller (level 3, 0/19 HPs)
             Began as a Deep Elf Summoner on Nov 11, 2022.
             Slain by a worm (9 damage)
             ... on level 2 of the Dungeon on Nov 14, 2022.
             The game lasted 00:13:14 (1670 turns).

MachoJfn the Caller (Deep Elf Summoner)             Turns: 1670, Time: 00:13:15

Health: 0/19       AC:  4    Str:  7    XL:     3   Next: 14%
Magic:  9/9        EV: 13    Int: 19    God:
Gold:   58         SH:  0    Dex: 15    Spells: 7/8 levels left

rFire   . . .      SeeInvis .    d - +0 club
rCold   . . .      Faith    .    (no shield)
rNeg    . . .      Spirit   .    a - +1 robe
rPois   .          Reflect  .    (no helmet)
rElec   .          Harm     .    (no cloak)
rCorr   .          Rampage  .    e - +0 pair of gloves
Will    .....                    (no boots)
Stlth   ++........               (no amulet)
HPRegen 0.23/turn                (no ring)
MPRegen 0.11/turn                (no ring)

@: no status effects
A: no striking features
a: no special abilities


You were on level 2 of the Dungeon.
You visited 1 branch of the dungeon, and saw 2 of its levels.

You collected 58 gold pieces.

Inventory:

Hand Weapons
 d - a +0 club (weapon)
 i - the +6 dagger of Nem Vet {drain, rElec MP-9 Int+10 Stlth+}
   (You found it on level 2 of the Dungeon)

   A truly terrible weapon, it drains the life of any living foe it strikes.
   Int:       It affects your intelligence (+10).
   rElec:     It insulates you from electricity.
   MP:        It affects your magic capacity (-9).
   Stlth:     It makes you more stealthy.
Armour
 a - a +1 robe (worn)
 e - a +0 pair of gloves (worn)
Scrolls
 c - a scroll of magic mapping
 f - a scroll of fear {unknown}
Potions
 b - a potion of magic
 g - a potion of flight {unknown}
 h - 2 potions of mutation {unknown}


   Skills:
 + Level 3.2 Dodging
 + Level 2.7 Stealth
 + Level 0.2 Unarmed Combat
 + Level 3.4 Spellcasting
 + Level 4.7 Summonings


You had 7 spell levels left.
You knew the following spells:

 Your Spells              Type           Power      Damage    Failure   Level
a - Summon Small Mammal   Summ           84%        N/A       1%          1

Your spell library contained the following spells:

 Spells                   Type           Power      Damage    Failure   Level
 Call Imp                 Summ           21%        N/A       3%          2
 Call Canine Familiar     Summ           21%        N/A       6%          3
 Summon Guardian Golem    Hex/Summ       12%        N/A       16%         3
 Summon Lightning Spire   Summ/Air       12%        N/A       47%         4


Dungeon Overview and Level Annotations

Branches:
Dungeon (2/15)

Altars:


Message History

You barely miss the worm. You punch the worm.
The worm is moderately wounded.
The worm bites you but does no damage.
You hit the worm.
The worm is heavily wounded.
The worm closely misses you.
You barely miss the worm.
The worm is heavily wounded.
The worm bites you.
You hit the worm.
The worm is heavily wounded.
The worm bites you but does no damage.
You hit the worm.
The worm is severely wounded.
You hit the worm.
The worm is severely wounded.
The worm misses you.
You hit the worm.
The worm is almost dead.
The worm barely misses you.
You hit the worm.
The worm is almost dead.
The worm closely misses you.
You hit the worm but do no damage.
The worm is severely wounded.
You hit the worm but do no damage.
The worm is severely wounded.
The worm bites you.
You hit the worm but do no damage.
The worm is severely wounded.
The worm barely misses you.
You hit the worm but do no damage.
The worm is severely wounded.
The worm barely misses you.
You barely miss the worm. You punch the worm.
The worm is severely wounded.
You hit the worm.
The worm is almost dead.
The worm bites you!
You die...

##.####......# .# #.
######.## ..##
###.#########..##....
....................
...............#...
#...#..#.###..# #
#.$.#.[#..)...###
#..#...#..#........#
#......@........#...#
#.._...w.........#....
#..#......#...#....##.
# #.....(#...#..#.#
#......#..........
..............##.##
...............# .#
...............#
###...........#


You could see a worm.

Vanquished Creatures
  A dart slug (D:1)
  4 ball pythons (D:1)
  4 endoplasms (D:1)
  A giant cockroach (D:1)
  A goblin (D:1)
  2 bats (D:1)
  A frilled lizard (D:1)
  4 kobolds
  5 rats
23 creatures vanquished.

Vanquished Creatures (collateral kills)
  An endoplasm (D:1)
  A goblin (D:1)
  A hobgoblin (D:1)
  A quokka (D:1)
  A ball python (D:1)
  2 bats (D:1)
  A frilled lizard (D:1)
  2 rats (D:1)
10 creatures vanquished.

Grand Total: 33 creatures vanquished

Notes
Turn   | Place    | Note
-------+----------+-------------------------------------------
     0 | D:1      | MachoJfn the Deep Elf Summoner began the quest for the Orb.
     0 | D:1      | Reached XP level 1. HP: 10/10 MP: 6/6
     0 | D:1      | Upgraded the game from 0.30-a0-359-gd0147acb1a to
                  | 0.30-a0-364-gf6b3ef1049
   238 | D:1      | Reached XP level 2. HP: 15/15 MP: 8/8
  1369 | D:1      | Reached XP level 3. HP: 6/19 MP: 9/9
  1647 | D:2      | Found a faded altar of an unknown god.
  1652 | D:2      | Identified the +6 dagger of Nem Vet {drain, rElec MP-9
                  | Int+10 Stlth+}
  1670 | D:2      | Slain by a worm

Illustrated notes

Levels and vault maps discovered:
D:1:      onia_arrival_handbag, layout_basic, minmay_quantized
D:2:      layout_basic, hellmonk_ecumenical_altar_lost_god, minmay_mini_jars,
          uniq_sigmund, uniq_jessica

Skill      XL: |  1  2 |
---------------+-------+-----
Dodging        | 3 |  3.2
Stealth        | |  2.7
Unarmed Combat | |  0.2
Spellcasting   | |  3.4
Summonings     | |  4.7

Action                   || total
-------------------------++-------
Melee: Unarmed           ||   134
       Club              ||    92
       Punch             ||     4
 Cast: Summon Small Mamm ||    32
  Use: Scroll            ||     8
       Potion            ||     1
 Stab: Sleeping          ||     3
Armor: Robe              ||    95
Dodge: Dodged            ||   187

Table legend: (Time is in decaauts)
 A = Elapsed time spent in this place.
 B = Non-inter-level travel time spent in this place.
 C = Inter-level travel time spent in this place.
 D = Time resting spent in this place.
 E = Time spent auto-exploring this place.
 F = Levels seen in this place.
 G = Mean time per level.
                   A        B        C        D        E       F      G
               +--------+--------+--------+--------+--------+-----+--------+
         Total |   1696 |    953 |    743 |    326 |      0 |   2 |  848.0 |
       Dungeon |   1696 |    953 |    743 |    326 |      0 |   2 |  848.0 |
               +--------+--------+--------+--------+--------+-----+--------+

Top non-repeatable levels by time:
     D:1: 1625 daAuts
     D:2: 70 daAuts
